 Dungeon Crawl Stone Soup version 0.31.0-11-ge490571c62 (webtiles) character file.

Game seed: 5033405371923604612

1945 Gadfly the Insei (level 8, -3/48 (58) HPs)
             Began as a Demonspawn Monk on Feb 2, 2024.
             Slain by an orc warrior
             ... wielding a +2 halberd of electrocution
              (15 damage)
             ... in a bailey.
             The game lasted 00:11:00 (6395 turns).

Gadfly the Insei (Demonspawn Monk)                  Turns: 6395, Time: 00:11:01

HP:   -3/48 (58)    AC: 12    Str: 10    XL:     8   Next: 98%
MP:   8/8           EV: 14    Int: 18    God:
Gold: 288           SH:  0    Dex: 22    Spells: 7/7 levels left

rFire   + . .        b - +10 quarterstaff "Natu" {flame, rF+ rN+ Str-4 Int+4}
rCold   . . .        (shield currently unavailable)
rNeg    + . .        k - +3 leather armour of Catupnu {Int+4}
rPois   +            (helmet restricted)
rElec   .            (no cloak)
rCorr   .            d - +0 pair of gloves
SInv    .            f - +0 pair of boots
Will    .....        (no amulet)
Stlth   +            p - +4 ring of protection
HPRegen 0.28/turn    w - +6 ring of dexterity
MPRegen 0.11/turn

%: no passive effects
@: confused, mighty, ambrosia-drunk, heavily drained
A: antennae 1, demonic guardian 1, ignite blood 2, poison resistance, subdued
magic 1
a: no special abilities


You were in a bailey.
You visited 2 branches of the dungeon, and saw 8 of its levels.
You also visited: Bailey.

You collected 288 gold pieces.

Inventory:

Hand Weapons
 b - the +10 quarterstaff "Natu" (weapon) {flame, rF+ rN+ Str-4 Int+4}
   (You found it on level 2 of the Dungeon)

   Str-4:     It affects your strength (-4).
   Int+4:     It affects your intelligence (+4).
   rF+:       It protects you from fire.
   rN+:       It protects you from negative energy.
 l - a +1 whip of electrocution
 o - a +2 flail of protection
 r - a +4 trident of venom
Missiles
 y - a throwing net
Armour
 a - a +0 robe
 c - an orb of light
 d - a +0 pair of gloves (worn)
 f - a +0 pair of boots (worn)
 k - the +3 leather armour of Catupnu (worn) {Int+4}
   (You took it off a gnoll on level 4 of the Dungeon)

   Int+4:     It affects your intelligence (+4).
Jewellery
 n - a ring of ice
 p - a +4 ring of protection (left hand)
 q - a ring of fire
 v - a ring of fire
 w - a +6 ring of dexterity (right hand)
Wands
 j - a wand of polymorph (13) (quivered)
 A - a wand of charming (7)
Scrolls
 t - 2 scrolls of vulnerability
 u - a scroll of teleportation
 B - a scroll of fog
Potions
 g - a potion of ambrosia
 h - 4 potions of curing
 i - 2 potions of heal wounds {unknown}
 m - a potion of cancellation {unknown}
 s - a potion of lignification {unknown}
 x - a potion of enlightenment {unknown}
 z - a potion of invisibility {unknown}
 C - 3 potions of magic {unknown}


   Skills:
 - Level 3.0 Fighting
 + Level 4.9 Dodging
 * Level 6.3 Unarmed Combat
 * Level 6.0 Evocations
 * Level 5.0 Shapeshifting


You had 7 spell levels left.
You didn't know any spells.
Your spell library contained the following spells:

 Spells                   Type           Power      Damage    Failure   Level
 Necrotise                Necr           0%         1d4       26%         1
 Slow                     Hex            0%         N/A       26%         1
 Confusing Touch          Hex            0%         N/A       61%         3
 Frozen Ramparts          Ice            0%         1d1       61%         3
 Sigil of Binding         Hex            0%         N/A       61%         3
 Vampiric Draining        Necr           0%         2d6       61%         3
 Ignite Poison            Fire/Alch      0%         N/A       95%         4
 Leda's Liquefaction      Alch/Erth      0%         N/A       95%         4
 Martyr's Knell           Necr/Summ      0%         N/A       95%         4
 Petrify                  Alch/Erth      0%         N/A       95%         4
 Sticky Flame             Fire/Alch      0%         2d4       95%         4
 Curse of Agony           Necr           0%         N/A       100%        5
 Metabolic Englaciation   Hex/Ice        0%         N/A       100%        5
 Ignition                 Fire           0%         3d3       100%        8


Dungeon Overview and Level Annotations

Branches:
Dungeon (7/15)             Temple (1/1) D:7          Bailey (1/1)

Altars:
Ashenzari
Cheibriados
Gozag
Hepliaklqana
Kikubaaqudgha
Nemelex Xobeh
Okawaru
Qazlal
Sif Muna
Trog
Uskayaw
Vehumet
Xom
Yredelemnul

Shops:
D:3 *   D:5 (


Innate Abilities, Weirdness & Mutations

You have a pair of small antennae on your head.
A weak demonic guardian rushes to your aid.
Your demonic aura often causes spilled blood to erupt in flames.
Your system is resistant to poisons. (rPois)
Your spells are a little easier to cast, but a little less powerful.


Message History

You partially resist.
You feel drained. The gnoll completely misses you. The gnoll misses you.
You barely miss the gnoll. The gnoll barely misses you.
You hit the gnoll. You burn the gnoll.
The gnoll is lightly wounded.
The gnoll misses you.
The gnoll hits you from afar with a +1 halberd of draining!
You partially resist.
You feel drained.
You are too injured to fight recklessly!
You are too injured to fight recklessly!
You are too injured to fight recklessly!
You are too injured to fight recklessly!
You are too injured to fight recklessly!
You are too injured to fight recklessly!
You are too injured to fight recklessly!
You sock the gnoll! You burn the gnoll.
You kill the gnoll!
The gnoll hits you from afar with a +1 halberd of draining!
* * * LOW HITPOINT WARNING * * *
You partially resist.
You feel drained.
* * * LOW HITPOINT WARNING * * *
Unknown command.
The gnoll attacks as it pursues you!
The gnoll hits you from afar with a +1 halberd of draining.
* * * LOW HITPOINT WARNING * * *
A demonic guardian appears!
You partially resist.
You feel drained.
You open the door. The gnoll completely misses you.
The gnoll attacks as it pursues you! The gnoll barely misses you.
Your shadow imp barely misses the gnoll.
The gnoll attacks as it pursues you! The gnoll closely misses you.
Your shadow imp misses the gnoll.
Your shadow imp closely misses the orc warrior.
It was a potion of might.
You feel very mighty all of a sudden. The gnoll barely misses you.
Your shadow imp barely misses the orc warrior.
You are confused.
You feel invigorated. The gnoll barely misses you.
The orc warrior hits you from afar with a +2 halberd of electrocution!
You die...

#)'..⌠..')# .g.!+
###.....### !.!.#
##g..).## !.o#
##o##'##'###' o##'
#.###.###.#.# #'# ###
##### #)## ##)#)## {
##'##+##'###'##+##+
##.....## ##@....#
###.g...#####.....###
#)'..⌠..')#.'go∩..')#
###.....#####5....###
##.....## ##.....##
##'##'##g###)##'##'##
#.###.###g))###)###∩#
### ### ##### ### ###


You could see an orc warrior, a gnoll (ally target) and a friendly shadow imp
(summoned).

Vanquished Creatures
  Edmund (D:4)
  A water moccasin (D:6)
  2 orc warriors
  2 ice beasts (D:5)
  2 ogres (D:5)
  A phantom (D:5)
  2 scorpions (D:6)
  A gnoll sergeant (D:5)
  2 wights (D:7)
  A howler monkey (D:6)
  2 bombardier beetles
  A gnoll bouda (D:6)
  4 orc priests (D:5)
  6 hounds
  2 sleepcaps
  An orc wizard (D:4)
  16 gnolls
  5 adders
  A white imp (D:7)
  A dart slug (D:1)
  4 ribbon worms
  30 orcs
  7 ball pythons
  6 bats
  3 endoplasms
  2 giant cockroaches
  8 goblins
  5 hobgoblins
  4 jackals (D:3)
  2 quokkas
  7 frilled lizards
  4 kobolds
  9 rats
145 creatures vanquished.

Vanquished Creatures (collateral kills)
  An orc (D:5)
  A bat (D:3)
  A quokka (D:3)
3 creatures vanquished.

Grand Total: 148 creatures vanquished

Notes
Turn   | Place    | Note
-------+----------+-------------------------------------------
     0 | D:1      | Gadfly the Demonspawn Monk began the quest for the Orb.
     0 | D:1      | Reached XP level 1. HP: 18/18 MP: 1/1
   124 | D:1      | Gained mutation: A weak demonic guardian rushes to your
                  | aid. [demonic ancestry]
   124 | D:1      | Reached XP level 2. HP: 24/24 MP: 2/2
   244 | D:1      | Reached skill level 1 in Evocations
   504 | D:1      | Reached XP level 3. HP: 29/29 MP: 3/3
   621 | D:1      | Reached skill level 1 in Shapeshifting
   756 | D:2      | Found a shimmering altar of Xom.
   777 | D:2      | Identified the +10 quarterstaff "Natu" {flame, rF+ rN+
                  | Str-4 Int+4}
  1283 | D:2      | Found a faded altar of an unknown god.
  1696 | D:3      | Gained mutation: Your demonic aura sometimes causes spilled
                  | blood to erupt in flames. [demonic ancestry]
  1696 | D:3      | Reached XP level 4. HP: 35/35 MP: 4/4
  1718 | D:3      | Found Ywimmos's General Store.
  2206 | D:4      | Noticed Edmund
  2215 | D:4      | Killed Edmund
  2216 | D:4      | Reached XP level 5. HP: 18/41 MP: 5/5
  2446 | D:4      | Reached XP level 6. HP: 47/47 MP: 6/6
  3147 | D:5      | Entered Level 5 of the Dungeon
  3237 | D:5      | Gained mutation: Your demonic aura often causes spilled
                  | blood to erupt in flames. [demonic ancestry]
  3237 | D:5      | Reached XP level 7. HP: 46/52 MP: 7/7
  3798 | D:5      | Found Xisiprox's Antique Weapon Shoppe.
  3827 | D:5      | Reached skill level 5 in Unarmed Combat
  3839 | D:5      | Identified the +3 leather armour of Catupnu {Int+4}
  4172 | D:5      | Gained mutation: You have a pair of small antennae on your
                  | head. [demonic ancestry]
  4172 | D:5      | Reached XP level 8. HP: 34/58 MP: 8/8
  4348 | D:5      | Found a shimmering altar of Xom.
  4627 | D:5      | Gained mutation: Armour fits poorly on your strangely
                  | shaped body. [potion of mutation]
  4627 | D:5      | Gained mutation: You occasionally lose the ability to drink
                  | potions when taking damage. [potion of mutation]
  4627 | D:5      | Gained mutation: Your body sometimes deteriorates upon
                  | taking damage. [potion of mutation]
  4628 | D:5      | Lost mutation: Your body sometimes deteriorates upon taking
                  | damage. [potion of mutation]
  4628 | D:5      | Lost mutation: You occasionally lose the ability to drink
                  | potions when taking damage. [potion of mutation]
  4628 | D:5      | Lost mutation: Armour fits poorly on your strangely shaped
                  | body. [potion of mutation]
  4628 | D:5      | Gained mutation: Your system is resistant to poisons.
                  | (rPois) [potion of mutation]
  4628 | D:5      | Gained mutation: Your spells are a little easier to cast,
                  | but a little less powerful. [potion of mutation]
  4760 | D:6      | Reached skill level 5 in Evocations
  5910 | D:7      | Reached skill level 5 in Shapeshifting
  5925 | D:7      | Found a staircase to the Ecumenical Temple.
  5948 | Temple   | Entered the Ecumenical Temple
  6143 | D:7      | Found a flagged portal.
  6152 | Bailey   | Entered a bailey
  6395 | Bailey   | Slain by an orc warrior

Illustrated notes

Levels and vault maps discovered:
D:1:      elethiomel_arrival_diamonds, layout_basic
D:2:      layout_loops_ring, shapermc_ecumenical_altar_notcrosses, basic_altar
D:3:      layout_basic, serial_shops, nicolae_shop_crystal, st_stairs_3
D:4:      layout_loops_ring, skrybe_limestone_x, minmay_hedge_maze, uniq_edmund
D:5:      layout_loops_ring, kennysheep_little_box, serial_shops, shop
D:6:      layout_basic, st_stairs_3
D:7:      layout_basic, general_overflow_altar, minmay_temple_entry_wispy,
          enter_bailey_8, uniq_pikel, uniq_prince_ribbit1
Temple:   lightli_temple_of_artemis
Bailey:   bailey_polearm_nasty_gnolls, bailey

Skill      XL: |  1  2  3  4  5  6  7  8 |
---------------+-------------------------+-----
Unarmed Combat | 3 4 5 6 |  6.3
Evocations     | 1 2 3 4 6 |  6.0
Shapeshifting  | 1 2 3 5 |  5.0
Dodging        | 3 4 |  4.9
Fighting       | |  3.0

Action                     |  1- 3 |  4- 6 |  7- 9 || total
---------------------------+-------+-------+-------++-------
  Melee: Unarmed           |    78 |       |       ||    78
         Quarterstaff      |    43 |    77 |   135 ||   255
    Use: Scroll            |     2 |     5 |     3 ||    10
         Potion            |     1 |       |     4 ||     5
   Stab: Sleeping          |       |       |     5 ||     5
 Armour: Robe              |    55 |    48 |    39 ||   142
         Leather armour    |       |       |    64 ||    64
  Dodge: Dodged            |    85 |    48 |   131 ||   264
